[Event "Titled Tuesday Blitz July 20 2021"]
[White "Shapiro, Daniel"]
[Black "Vivas Zamora, Fabian Ernesto"]
[WhiteFideId "2001780"]
[BlackFideId "3902480"]
[WhiteElo "2286"]
[BlackElo "1966"]
[Result "1-0"]
[Round "11"]
[TimeControl "180+1"]
[Date "2021.07.21"]
[WhiteClock "0:01:29"]
[BlackClock "0:00:02"]

1. d4 Nf6 2. c4 g6 3. Nc3 d5 4. Nf3 Bg7 5. Qb3 dxc4 6. Qxc4 O-O 7. e4 a6 8. Qb3 b5 9. e5 Nfd7 10. h4 c5 11. e6 fxe6 12. Be3 c4 13. Qc2 Rxf3 14. gxf3 Nf6 15. a4 Bb7 16. Ne4 Nc6 17. Nc5 Nxd4 18. O-O-O Nxc2 19. Rxd8+ Rxd8 20. Nxb7 Rb8 21. Nc5 Nxe3 22. fxe3 Nd5 23. Nxa6 Rb6 24. axb5 Nxe3 25. Bh3 Kf7 26. Re1 Bh6 27. Kb1 Rxb5 28. Bxe6+ Kxe6 29. Nc7+ Kf7 30. Nxb5 Nf5 31. Re4 1-0


[Site "https://www.chess.com"]

[Event "Titled Tuesday Blitz July 20 2021"]
[White "Shvedova, Alexandra"]
[Black "Krallis, Christos"]
[WhiteFideId "54154782"]
[BlackFideId "4298896"]
[WhiteElo "1887"]
[BlackElo "2193"]
[Result "1-0"]
[Round "11"]
[TimeControl "180+1"]
[Date "2021.07.21"]
[WhiteClock "0:00:17"]
[BlackClock "0:00:02"]

1. e4 e5 2. Nf3 Nc6 3. Bc4 Nf6 4. d3 Bc5 5. O-O d6 6. a4 a6 7. c3 Ba7 8. Nbd2 Ne7 9. Bb3 Ng6 10. Re1 Bg4 11. h3 Bh5 12. Qc2 Nf4 13. d4 Qe7 14. Bc4 O-O 15. Bf1 Rfe8 16. g3 Ne6 17. d5 Nc5 18. Bg2 Bg6 19. Nh4 a5 20. b4 Na6 21. Rb1 Nd7 22. Nf1 Bb6 23. Ne3 Reb8 24. Nc4 axb4 25. cxb4 Bd4 26. Be3 b5 27. Na5 Bxe3 28. Rxe3 Qe8 29. Nc6 Rb6 30. a5 Rb7 31. f4 f6 32. Nxg6 hxg6 33. Bf3 Ndb8 34. Nxb8 Raxb8 35. Bg4 Qe7 36. Be6+ Kf8 37. Kg2 c5 38. dxc6 Rc7 39. Bd5 Rbc8 40. Qd3 Nb8 41. Qxb5 Nxc6 42. Rc1 Nd4 43. Rxc7 Qxc7 44. Qd3 Qc2+ 45. Qxc2 Rxc2+ 46. Kf1 Rc1+ 47. Kf2 Rc2+ 48. Ke1 Rb2 49. a6 Nc2+ 50. Kd2 Nxe3+ 51. Kxe3 Ra2 52. Bxa2 1-0


[Site "https://www.chess.com"]

[Event "Titled Tuesday Blitz July 20 2021"]
[White "Silich, Yahor"]
[Black "Yaran, Siar"]
[WhiteFideId "13513656"]
[BlackFideId "6323006"]
[WhiteElo "2142"]
[BlackElo "1977"]
[Result "1-0"]
[Round "11"]
[TimeControl "180+1"]
[Date "2021.07.21"]
[WhiteClock "0:00:20"]
[BlackClock "0:00:01"]

1. e4 e5 2. Nf3 Nc6 3. Bc4 Bc5 4. O-O Nf6 5. d3 d6 6. c3 a6 7. a4 Ba7 8. Nbd2 h6 9. Re1 O-O 10. h3 Re8 11. b4 Be6 12. Bxe6 Rxe6 13. Qc2 d5 14. b5 axb5 15. axb5 Bxf2+ 16. Kxf2 Rxa1 17. bxc6 bxc6 18. Nb3 Ra8 19. Nc5 Re8 20. Be3 Qe7 21. g4 Ra5 22. Nb3 Rb5 23. c4 Rbb8 24. g5 hxg5 25. Bxg5 Qb4 26. Nbd2 dxe4 27. Bxf6 exf3 28. Rg1 g6 29. Rg4 Re6 30. Ne4 Qa3 31. Kxf3 Rb2 32. Qd1 Rb3 33. Ke3 Qa7+ 34. c5 Qa2 35. Rh4 Rxf6 36. Nxf6+ Kg7 37. Ne4 Qg2 38. Qxb3 f5 39. Qc3 Qg1+ 40. Ke2 Qh2+ 41. Nf2 1-0


[Site "https://www.chess.com"]

[Event "Titled Tuesday Blitz July 20 2021"]
[White "Spata, German"]
[Black "Shtyka, Sergey"]
[WhiteFideId "113026"]
[BlackFideId "4138465"]
[WhiteElo "2238"]
[BlackElo "2064"]
[Result "0-1"]
[Round "11"]
[TimeControl "180+1"]
[Date "2021.07.21"]
[WhiteClock "0:00:05"]
[BlackClock "0:00:47"]

1. Nf3 c5 2. c4 Nc6 3. Nc3 g6 4. g3 Bg7 5. Bg2 e5 6. O-O Nge7 7. d3 O-O 8. Rb1 d6 9. Ne1 f5 10. Nc2 Be6 11. Ne3 Bf7 12. a3 a5 13. Ned5 Nxd5 14. Nxd5 Ne7 15. Bg5 Bxd5 16. Bxd5+ Kh8 17. Bxb7 Rb8 18. Bg2 Bf6 19. Bxf6+ Rxf6 20. b4 axb4 21. axb4 cxb4 22. Qa4 Qb6 23. Rb2 f4 24. gxf4 Rxf4 25. e3 Rg4 26. Qd7 Nf5 27. e4 Nh6 28. Ra2 Rf4 29. Qh3 Ng4 30. Rb2 Rbf8 31. Qg3 Nxf2 32. Rfxf2 Rxf2 33. Rxf2 Qxf2+ 34. Qxf2 Rxf2 35. Kxf2 b3 0-1


[Site "https://www.chess.com"]

[Event "Titled Tuesday Blitz July 20 2021"]
[White "Stribuk, Artiom"]
[Black "Nathan, Nitish"]
[WhiteFideId "13515659"]
[BlackFideId "30927870"]
[WhiteElo "2224"]
[BlackElo "2273"]
[Result "1-0"]
[Round "11"]
[TimeControl "180+1"]
[Date "2021.07.21"]
[WhiteClock "0:00:22"]
[BlackClock "0:01:20"]

1. b3 Nf6 2. Bb2 c5 3. e3 Nc6 4. Nf3 d5 5. Bb5 Bd7 6. O-O e6 7. d3 Bd6 8. Nbd2 O-O 9. e4 Be7 10. Qe2 a6 11. Bxc6 Bxc6 12. Ne5 dxe4 13. Nxc6 bxc6 14. Nxe4 Nxe4 15. Qxe4 Qd5 16. Rfe1 Rab8 17. Qg4 g6 18. Re3 Rb4 19. Qe2 Bd6 20. h3 Bf4 21. Rf3 Bc7 22. Re1 Rd8 23. Qe3 Qd6 24. Qh6 Qh2+ 25. Kf1 e5 26. Rxf7 Kxf7 27. Qxh7+ Kf6 28. Qxc7 Re8 29. Qxc6+ Kf7 30. Qd7+ Re7 31. Qd5+ Kf8 32. Rxe5 Qh1+ 33. Ke2 Rxe5+ 34. Bxe5 Qc1 35. Qxc5+ Kf7 36. Qxb4 Qxc2+ 37. Qd2 1-0


[Site "https://www.chess.com"]

[Event "Titled Tuesday Blitz July 20 2021"]
[White "Timmermans, Mark"]
[Black "Golubev, Mikhail"]
[WhiteFideId "1026399"]
[BlackFideId "14100983"]
[WhiteElo "2460"]
[BlackElo "2374"]
[Result "0-1"]
[Round "11"]
[TimeControl "180+1"]
[Date "2021.07.20"]
[WhiteClock "0:00:09"]
[BlackClock "0:00:12"]

1. b4 a5 2. b5 b6 3. Bb2 Bb7 4. a4 d6 5. c4 Nd7 6. e3 e5 7. Nf3 Ngf6 8. Be2 e4 9. Nd4 Nc5 10. O-O Qd7 11. f3 O-O-O 12. Nc3 Nd3 13. Ba3 Nc5 14. fxe4 Ncxe4 15. Nxe4 Bxe4 16. d3 Bg6 17. Bf3 Qe8 18. Re1 h5 19. Bc6 Qe5 20. Qf3 d5 21. Bxf8 Rhxf8 22. cxd5 Nxd5 23. Rac1 Bxd3 24. Ba8 Be4 25. Qh3+ f5 26. Nc6 Qb2 27. Qg3 f4 28. exf4 Nxf4 29. Nxd8 Qxc1 30. Rxc1 Ne2+ 31. Kh1 Nxg3+ 32. hxg3 Bxa8 33. Ne6 Rf7 34. Rd1 Rd7 35. Rf1 Bd5 36. Rf8+ Kb7 37. Nd8+ Ka7 38. Kh2 Re7 39. Kh3 Re4 40. Rf5 Rd4 41. Rxh5 Ba8 42. Ne6 Rd7 43. Rg5 Bd5 44. Nxg7 Bb3 45. Rg4 Bd1 46. Rg5 Bxa4 47. g4 Bc2 48. Ne6 a4 49. Re5 a3 50. Re3 Rd3 51. Rxd3 Bxd3 52. Nd4 a2 53. Nb3 Bxb5 54. Kg3 Bc4 55. Na1 b5 56. Kf4 b4 57. Ke3 b3 0-1


[Site "https://www.chess.com"]

[Event "Titled Tuesday Blitz July 20 2021"]
[White "Timofeev, Artyom"]
[Black "Garcia Ramos, Daniel"]
[WhiteFideId "4140419"]
[BlackFideId "32010311"]
[WhiteElo "2582"]
[BlackElo "2321"]
[Result "1-0"]
[Round "11"]
[TimeControl "180+1"]
[Date "2021.07.20"]
[WhiteClock "0:00:40"]
[BlackClock "0:00:11"]

1. c4 c6 2. b3 d5 3. Bb2 Nf6 4. Nf3 e6 5. g3 Bd6 6. Bg2 O-O 7. O-O Nbd7 8. d4 Ne4 9. Nbd2 f5 10. Rc1 Qf6 11. Ne1 a5 12. Nd3 a4 13. bxa4 Nxd2 14. Qxd2 dxc4 15. Rxc4 Nb6 16. Rc2 Nxa4 17. Ba1 Qe7 18. e4 Nb6 19. Re1 fxe4 20. Bxe4 Qf7 21. Ne5 Bxe5 22. dxe5 Nd5 23. Bd4 Bd7 24. Bc5 Rfc8 25. Rb2 Be8 26. Rb3 Ra4 27. Kg2 Rca8 28. Rf3 Rxa2 29. Rxf7 Bxf7 30. Qd3 g6 31. Bxd5 cxd5 32. Qb3 g5 33. Be7 Bg6 34. Bxg5 R8a3 35. Qxb7 Be4+ 36. Rxe4 dxe4 37. Qc8+ Kf7 38. Qd7+ Kg6 39. Qxe6+ Kxg5 40. h4+ Kh5 41. Qf5+ Kh6 42. Qg5# 1-0


[Site "https://www.chess.com"]

[Event "Titled Tuesday Blitz July 20 2021"]
[White "Todorovic, Bojan"]
[Black "Plotnikov, Pavel"]
[WhiteFideId "917087"]
[BlackFideId "4170342"]
[WhiteElo "2266"]
[BlackElo "2298"]
[Result "0-1"]
[Round "11"]
[TimeControl "180+1"]
[Date "2021.07.21"]
[WhiteClock "0:00:13"]
[BlackClock "0:00:57"]

1. d4 Nf6 2. c4 g6 3. Nc3 Bg7 4. e4 d6 5. Be2 O-O 6. Nf3 Nbd7 7. O-O e5 8. Be3 Ng4 9. Bg5 f6 10. Bc1 Nh6 11. h3 Nf7 12. b3 c6 13. Ba3 Qe7 14. dxe5 fxe5 15. Nh2 Nf6 16. Qd3 Be6 17. Rad1 Rad8 18. Ng4 Nh5 19. g3 Nf6 20. Kg2 h5 21. Ne3 Ng5 22. Rh1 Qf7 23. Rdf1 Qd7 24. h4 Bh3+ 25. Kg1 Bxf1 26. Kxf1 Ne6 27. Ke1 Nd4 28. Bd1 Qf7 29. Rf1 Nd7 30. f4 exf4 31. gxf4 Qe7 32. Ng2 Nc5 33. Qe3 Rfe8 34. e5 dxe5 35. f5 gxf5 36. Na4 f4 37. Qf2 Nd3+ 0-1


[Site "https://www.chess.com"]

[Event "Titled Tuesday Blitz July 20 2021"]
[White "Tokman, Ariel"]
[Black "Golubenko, Valentina"]
[WhiteFideId "117420"]
[BlackFideId "4501993"]
[WhiteElo "2345"]
[BlackElo "2164"]
[Result "1-0"]
[Round "11"]
[TimeControl "180+1"]
[Date "2021.07.21"]
[WhiteClock "0:01:17"]
[BlackClock "0:00:06"]

1. Nf3 g6 2. d4 Bg7 3. Bf4 c5 4. c3 cxd4 5. cxd4 d5 6. Nc3 Nc6 7. e3 Bg4 8. Qb3 Bxf3 9. Qxb7 Rc8 10. gxf3 e6 11. Nb5 e5 12. dxe5 Qa5+ 13. Kd1 Nge7 14. Nd6+ Kf8 15. Nxc8 Qc5 16. Rc1 Qb4 17. Qxb4 Nxb4 18. a3 Na2 19. Rc2 h5 20. Bd3 Nxc8 21. Rxc8+ Ke7 22. Rxh8 Bxh8 23. Kc2 g5 24. Bxg5+ 1-0


[Site "https://www.chess.com"]

[Event "Titled Tuesday Blitz July 20 2021"]
[White "Tomaszewski, Kacper"]
[Black "Jovic, Stanoje"]
[WhiteFideId "1127373"]
[BlackFideId "905020"]
[WhiteElo "2162"]
[BlackElo "2286"]
[Result "1/2-1/2"]
[Round "11"]
[TimeControl "180+1"]
[Date "2021.07.21"]
[WhiteClock "0:00:03"]
[BlackClock "0:00:07"]

1. d4 Nf6 2. c4 e6 3. Nc3 Bb4 4. Bf4 O-O 5. e3 b6 6. Ne2 Bb7 7. a3 Be7 8. d5 a5 9. e4 d6 10. Ng3 Na6 11. Be2 Nc5 12. b4 axb4 13. axb4 Rxa1 14. Qxa1 Nb3 15. Qd1 e5 16. Be3 Nd4 17. Bxd4 exd4 18. Qxd4 Nd7 19. Nh5 Nf6 20. Ng3 Nd7 21. Nh5 Nf6 22. O-O Nxh5 23. Bxh5 Bf6 24. Qd3 Qa8 25. Nb5 Qa4 26. Nxc7 Qxb4 27. Nb5 Ra8 28. Qh3 Bc8 29. Bg4 Ba6 30. Nc7 Bxc4 31. Nxa8 h5 32. Be2 Bxe2 33. Qc8+ Kh7 34. Qf5+ Kg8 35. Qc8+ Kh7 36. Qf5+ Kg8 37. Rc1 Ba6 38. h4 Qb2 39. Re1 Qd2 40. Rb1 Bd3 41. Qc8+ Kh7 42. Qf5+ Kg8 43. Qc8+ Kh7 44. Qf5+ Kg8 1/2-1/2


[Site "https://www.chess.com"]

[Event "Titled Tuesday Blitz July 20 2021"]
[White "Torkkola, Henri"]
[Black "Saravana, Krishnan P."]
[WhiteFideId "507660"]
[BlackFideId "5018382"]
[WhiteElo "2137"]
[BlackElo "2245"]
[Result "0-1"]
[Round "11"]
[TimeControl "180+1"]
[Date "2021.07.21"]
[WhiteClock "0:00:03"]
[BlackClock "0:00:24"]

1. d4 Nf6 2. Bf4 g6 3. e3 Bg7 4. Nf3 O-O 5. Be2 d6 6. h3 Nbd7 7. O-O Qe8 8. c4 e5 9. Bh2 Ne4 10. Nbd2 Nxd2 11. Qxd2 e4 12. Ne1 f5 13. Nc2 Nf6 14. b4 g5 15. c5 d5 16. Bxc7 Qg6 17. b5 f4 18. Nb4 f3 19. gxf3 exf3 20. Bxf3 Bxh3 21. Nxd5 Nxd5 22. Bxd5+ Kh8 23. Rfc1 Qf5 24. Bxb7 Qg4+ 25. Bg3 Rae8 26. Kh2 Rf6 27. Rh1 Rh6 28. Kg1 Rf8 29. Qd1 Qd7 30. Bc6 Qf7 31. Rxh3 Rxh3 32. Qg4 Rh6 33. Kg2 Rf6 34. f3 h5 35. Rh1 Rh6 36. Qxg5 Qxa2+ 37. Bf2 Qf7 38. Be4 Rg8 39. Kf1 Qc4+ 40. Ke1 Qc1+ 41. Ke2 Qxh1 42. Qf5 Rf8 43. Qd5 h4 44. c6 Qc1 0-1


[Site "https://www.chess.com"]

[Event "Titled Tuesday Blitz July 20 2021"]
[White "Triapishko, Alexandr"]
[Black "Quintiliano Pinto, Renato R."]
[WhiteFideId "14122286"]
[BlackFideId "2117568"]
[WhiteElo "2490"]
[BlackElo "2439"]
[Result "1/2-1/2"]
[Round "11"]
[TimeControl "180+1"]
[Date "2021.07.20"]
[WhiteClock "0:00:17"]
[BlackClock "0:00:21"]

1. d4 d5 2. c4 c6 3. Nf3 Nf6 4. Nc3 dxc4 5. a4 Bf5 6. Ne5 Nbd7 7. Nxc4 Nb6 8. Ne5 a5 9. h4 h6 10. f3 e6 11. e4 Bh7 12. Be3 Be7 13. Qb3 O-O 14. Rd1 Nfd7 15. Nxd7 Nxd7 16. g3 Bb4 17. Kf2 Qe7 18. Na2 f5 19. e5 f4 20. Bxf4 Nb6 21. Bc4 Kh8 22. h5 Nd5 23. Bxd5 exd5 24. Rc1 Rxf4 25. gxf4 Bd2 26. Rcg1 Bxf4 27. Rg4 Qf7 28. Rhg1 Qxh5 29. R1g2 Bg5 30. Qa3 Bh4+ 31. Kg1 Bg5 32. f4 Bf5 33. Qg3 Bxg4 34. Qxg4 Qxg4 35. Rxg4 Be7 36. Nc1 Rf8 37. Ne2 Kh7 38. Rg3 g6 39. Rb3 Bb4 40. Kg2 h5 41. Rf3 b6 42. Ng3 Kh6 43. f5 h4 44. f6 hxg3 45. Rxg3 Kh7 46. Kf3 c5 47. Ke3 c4 48. Rh3+ Kg8 49. Rh6 Rf7 50. Rxg6+ Kf8 51. e6 Rh7 52. Kf4 Bd6+ 53. Kg5 Rh1 54. e7+ Bxe7 55. fxe7+ Kxe7 56. Rxb6 Rd1 57. Kf5 Rxd4 58. Ke5 Rd2 59. Rb7+ Kd8 60. Rb5 Kc7 61. Rxd5 Rxb2 62. Rc5+ Kb6 63. Rxc4 Rb4 64. Kd5 Rxc4 65. Kxc4 Kc6 66. Kd4 Kd6 67. Kc4 Kc6 68. Kd4 Kb6 69. Kc4 Ka6 70. Kc5 Ka7 71. Kb5 Ka8 72. Kxa5 Kb8 73. Kb4 Ka8 74. a5 Kb8 75. Ka4 Ka8 76. Kb4 Kb8 77. Kb5 Ka8 78. Kc4 Kb8 79. Kc5 Ka8 80. Kb4 1/2-1/2


[Site "https://www.chess.com"]

[Event "Titled Tuesday Blitz July 20 2021"]
[White "Tristan, Leonardo"]
[Black "Kamsky, Gata"]
[WhiteFideId "113816"]
[BlackFideId "2000024"]
[WhiteElo "2404"]
[BlackElo "2644"]
[Result "0-1"]
[Round "11"]
[TimeControl "180+1"]
[Date "2021.07.20"]
[WhiteClock "0:00:01"]
[BlackClock "0:00:25"]

1. d4 Nf6 2. Bg5 d5 3. Nd2 c5 4. e3 cxd4 5. exd4 Nc6 6. c3 Bf5 7. Bxf6 gxf6 8. Ne2 e6 9. Ng3 Bg6 10. h4 h6 11. h5 Bh7 12. Qf3 Bd6 13. Bd3 Bxd3 14. Qxd3 Rg8 15. Qe3 Bxg3 16. fxg3 Qd6 17. O-O-O Qxg3 18. Qxh6 Qg5 19. Qxg5 Rxg5 20. Nf3 Rxg2 21. Rdg1 Rxg1+ 22. Rxg1 Ke7 23. Kc2 Rh8 24. Rh1 e5 25. Nh4 Ke6 26. Ng2 exd4 27. Nf4+ Kd6 28. Rd1 Ke5 29. Nd3+ Kf5 30. Rf1+ Kg5 31. Rg1+ Kh6 32. Rf1 dxc3 33. bxc3 Kg5 34. Rg1+ Kf5 35. Rf1+ Ke6 36. Nf4+ Kd6 37. Rb1 b6 38. a4 d4 39. Rd1 Ke5 40. Nd3+ Kd5 41. Rf1 Rh6 42. Kd2 dxc3+ 43. Kxc3 Ne5 44. Nf4+ Ke4 45. Kb4 f5 46. Ne2 Nd3+ 47. Kc3 f4 48. Nd4 Rxh5 0-1


[Site "https://www.chess.com"]

[Event "Titled Tuesday Blitz July 20 2021"]
[White "Tsaruk, Maksim"]
[Black "Al-Tarboush, Ward"]
[WhiteFideId "13511173"]
[BlackFideId "7601450"]
[WhiteElo "2184"]
[BlackElo "2319"]
[Result "1-0"]
[Round "11"]
[TimeControl "180+1"]
[Date "2021.07.20"]
[WhiteClock "0:00:04"]
[BlackClock "0:00:01"]

1. c4 c5 2. Nf3 Nc6 3. Nc3 Nf6 4. g3 e5 5. d3 d5 6. cxd5 Nxd5 7. Bg2 Be6 8. Ng5 Nxc3 9. Nxe6 Nxd1 10. Nxd8 Rxd8 11. Kxd1 c4 12. Be3 cxd3 13. Bxc6+ bxc6 14. Bxa7 e4 15. exd3 exd3 16. Re1+ Kd7 17. Bd4 Bb4 18. Re3 Kc8 19. Bxg7 Rhg8 20. Bc3 Bc5 21. Re4 Bxf2 22. Kd2 Bb6 23. Rf1 Rd7 24. Rf3 Rgd8 25. Rh4 f5 26. Rh5 c5 27. Rhxf5 c4 28. R5f4 Rc7 29. Rf8 Re7 30. Rxd8+ Bxd8 31. Rf4 Rc7 32. Re4 Rc6 33. Re5 Bf6 34. Re4 Bg5+ 35. Kd1 Kd7 36. h4 Bh6 37. Bd2 Bg7 38. Bc3 Bh6 39. g4 Kc7 40. g5 Bf8 41. h5 Kb6 42. a4 Ka6 43. Rg4 Rc7 44. g6 hxg6 45. hxg6 Bg7 46. Bxg7 Rxg7 47. Kd2 Ka5 48. Rxc4 Rxg6 49. Kxd3 Rg3+ 50. Kc2 Rg2+ 51. Kb3 Rg3+ 52. Rc3 Rg4 53. Rc5+ Kb6 54. Rb5+ Ka6 55. Ka3 Rg3+ 56. b3 Rh3 57. Rd5 Rh1 58. Rd4 Rh3 59. Kb4 Rh6 60. Re4 Rb6+ 61. Ka3 Rh6 62. Re3 Rh1 63. Re6+ Kb7 64. a5 Ka7 65. Ka4 Ra1+ 66. Kb5 Rh1 67. Re7+ Ka8 68. b4 Rh5+ 69. Ka4 Rh1 70. a6 Rh6 71. Ka5 Rg6 72. b5 Rg1 73. Re5 Rg6 74. Re8+ Ka7 75. b6+ Rxb6 76. Re7+ 1-0


[Site "https://www.chess.com"]

[Event "Titled Tuesday Blitz July 20 2021"]
[White "Turgut, Aydin"]
[Black "Pastar, Slaven"]
[WhiteFideId "2078791"]
[BlackFideId "14402718"]
[WhiteElo "2138"]
[BlackElo "2150"]
[Result "1-0"]
[Round "11"]
[TimeControl "180+1"]
[Date "2021.07.21"]
[WhiteClock "0:00:05"]
[BlackClock "0:00:02"]

1. b3 b6 2. Bb2 Bb7 3. Nf3 Nf6 4. g3 g6 5. Bg2 Bg7 6. O-O O-O 7. c4 c5 8. Nc3 Nc6 9. d4 Nxd4 10. Nxd4 Bxg2 11. Kxg2 cxd4 12. Qxd4 Qc7 13. Nd5 Qb7 14. e4 Rfe8 15. f3 Nh5 16. Qd2 Bxb2 17. Qxb2 e6 18. Ne3 e5 19. Rad1 Nf6 20. Rd6 Re6 21. Rfd1 Rc8 22. Rxe6 dxe6 23. Qxe5 Qe7 24. Qd6 Kf8 25. e5 Ne8 26. Qd4 Ng7 27. Qe4 Rd8 28. Rd3 Nf5 29. Ng4 Kg7 30. Nf6 h5 31. g4 hxg4 32. fxg4 Nh6 33. h4 Rxd3 34. Qxd3 Qa3 35. Qd2 a5 36. Ne8+ Kf8 37. Nd6 Nxg4 38. Qe2 Nh6 39. Qf3 Nf5 40. Qa8+ Kg7 41. Ne8+ Kh6 42. Qf3 Qb2+ 43. Kh3 Qd2 44. Nf6 Qe3 45. Ng4+ Kg7 46. Nxe3 Nxe3 47. Qxe3 1-0


[Site "https://www.chess.com"]

[Event "Titled Tuesday Blitz July 20 2021"]
[White "ValeriyGrinev"]
[Black "Lagunow, Raphael"]
[BlackFideId "24652644"]
[WhiteElo "2621"]
[BlackElo "2400"]
[Result "0-1"]
[Round "11"]
[TimeControl "180+1"]
[Date "2021.07.21"]
[WhiteClock "0:00:23"]
[BlackClock "0:00:11"]

1. e4 c5 2. Nf3 Nc6 3. Bb5 Na5 4. d4 a6 5. Be2 cxd4 6. Nxd4 e6 7. O-O b5 8. a4 b4 9. c3 Bb7 10. Bf3 Nf6 11. Re1 Be7 12. e5 Nd5 13. cxb4 Bxb4 14. Bd2 Qb6 15. Bxb4 Qxb4 16. Nc3 Nxc3 17. bxc3 Qc5 18. Bxb7 Nxb7 19. Qf3 Qc7 20. Rab1 Ra7 21. Qe3 Ra8 22. Rb2 O-O 23. Reb1 Nc5 24. h3 Rab8 25. Rxb8 Rxb8 26. Rxb8+ Qxb8 27. Nc6 Qb6 28. Nb4 Nxa4 29. Qf3 h6 30. Qa8+ Kh7 31. Qe4+ Kg8 32. Qa8+ Kh7 33. Qe4+ g6 34. Qf4 Kg8 35. Qd2 a5 36. Nc2 Qb2 37. g4 Qxc3 38. Qxd7 Qxc2 39. Qd8+ Kh7 40. Qe7 Qc1+ 41. Kg2 Qf4 42. Qa7 Nc3 43. Qxa5 Ne4 44. Qa7 Kg7 45. f3 Ng5 46. Qf2 Qxe5 47. h4 Nxf3 48. Qxf3 Qd5 49. Qxd5 exd5 50. Kf3 Kf6 51. Kf4 Ke6 52. g5 h5 53. Kf3 Kf5 54. Ke3 Kg4 55. Kd3 Kxh4 56. Kd4 Kxg5 57. Kxd5 Kg4 58. Ke4 h4 59. Ke3 Kg3 60. Ke2 Kg2 61. Ke3 h3 62. Kf4 h2 63. Kg5 h1=Q 64. Kf6 Qh3 65. Kg7 g5 66. Kf8 g4 67. Ke7 g3 68. Kf6 Kf2 69. Ke5 g2 70. Kd6 g1=Q 71. Ke7 Qg5+ 72. Kf8 f5 73. Kf7 Qhh5+ 74. Ke6 Qgg6+ 75. Kd5 f4+ 76. Kd4 Qf6+ 77. Kd3 Qd5+ 78. Kc2 Qc4+ 79. Kd1 Qd3+ 80. Kc1 Qa1# 0-1


[Site "https://www.chess.com"]

[Event "Titled Tuesday Blitz July 20 2021"]
[White "Vlassov, Nikolai"]
[Black "Havanecz, Bianka"]
[WhiteFideId "4103360"]
[BlackFideId "704814"]
[WhiteElo "2407"]
[BlackElo "2357"]
[Result "1-0"]
[Round "11"]
[TimeControl "180+1"]
[Date "2021.07.21"]
[WhiteClock "0:00:38"]
[BlackClock "0:00:02"]

1. e4 c6 2. d4 d5 3. e5 c5 4. dxc5 Nc6 5. Bb5 e6 6. Bxc6+ bxc6 7. Be3 Qc7 8. Nf3 Ba6 9. b4 Ne7 10. Qd4 Nf5 11. Qf4 h6 12. h4 g5 13. hxg5 hxg5 14. Rxh8 gxf4 15. Bxf4 O-O-O 16. Nbd2 Bg7 17. Rh7 Rh8 18. Rxh8+ Bxh8 19. O-O-O f6 20. Rh1 Bg7 21. Re1 fxe5 22. Nxe5 Qb7 23. a3 Bb5 24. g4 Nd4 25. Kb2 a5 26. c3 Ne2 27. Bh2 axb4 28. axb4 d4 29. cxd4 Nxd4 30. Ne4 Kd8 31. Nd6 Qe7 32. Ra1 Qh4 33. Bg3 Qh7 34. Ra8+ Ke7 35. Bh4+ Qxh4 36. Ng6+ Kf6 37. Nxh4 Kg5 38. Rg8 Nf5+ 39. Ka3 Kxh4 40. gxf5 Bd4 41. fxe6 1-0


[Site "https://www.chess.com"]

[Event "Titled Tuesday Blitz July 20 2021"]
[White "Vyatkin, Dmitry"]
[Black "Orantes Taboada, Francisco"]
[WhiteFideId "4171900"]
[BlackFideId "22274758"]
[WhiteElo "2279"]
[BlackElo "2073"]
[Result "1-0"]
[Round "11"]
[TimeControl "180+1"]
[Date "2021.07.21"]
[WhiteClock "0:00:08"]
[BlackClock "0:00:25"]

1. d4 Nf6 2. c4 g6 3. g3 Bg7 4. Bg2 d5 5. cxd5 Nxd5 6. Nc3 Nb6 7. Nf3 O-O 8. O-O Nc6 9. e3 Re8 10. h3 a5 11. a3 e5 12. d5 Ne7 13. e4 f5 14. Ng5 h6 15. Ne6 Bxe6 16. dxe6 Qc8 17. Nd5 Nbxd5 18. exd5 Rd8 19. Qb3 e4 20. Rd1 Ra6 21. Bf4 Rb6 22. Qc4 Rxb2 23. Bxc7 Be5 24. Rac1 Bxc7 25. Qxc7 Qxc7 26. Rxc7 Rxd5 27. Rxd5 Nxd5 28. Rd7 Rb1+ 29. Bf1 Nf6 30. Rd8+ Kg7 31. Kg2 Rb6 32. Bc4 Rc6 33. Ba2 Rc2 34. Bb3 Rc3 35. Ba2 Rxa3 36. Bc4 Rc3 37. Bb5 Rc7 38. Rd7+ Rxd7 39. exd7 Nxd7 40. Bxd7 Kf6 41. Kf1 Ke5 42. Ke2 Kd4 43. Kd2 g5 44. Bxf5 b5 45. Bd7 b4 46. Ba4 h5 47. Bb3 h4 48. gxh4 gxh4 49. Bc2 Kc4 50. Bxe4 b3 51. Bg6 a4 52. Bf7+ Kb4 53. Be6 a3 54. Kc1 Kc3 55. Kb1 a2+ 56. Ka1 Kc2 57. Bf5+ Kc1 58. Bg6 Kd2 59. f4 Kc1 60. Be4 Kd2 61. f5 Ke3 62. Bd5 Kd4 63. Bxb3 Ke5 64. Be6 Kf6 65. Kxa2 Kg5 66. Kb3 Kf6 67. Kb4 Kg5 68. Kb5 Kf6 69. Kc6 Kg5 70. Kd6 Kf6 71. Kd5 Kg5 72. Ke5 Kh5 73. f6 Kh6 74. f7 Kh7 75. Kd6 Kg6 76. Ke7 Kh7 77. f8=R Kg6 78. Rf7 Kh5 79. Rf5+ Kg6 80. Bd7 Kh6 81. Kf6 Kh7 82. Rh5+ Kg8 83. Be6+ Kf8 84. Rh8# 1-0


[Site "https://www.chess.com"]

[Event "Titled Tuesday Blitz July 20 2021"]
[White "Wagner, Dennis"]
[Black "Vukovic, Zdravko"]
[WhiteFideId "24650684"]
[BlackFideId "900877"]
[WhiteElo "2355"]
[BlackElo "2603"]
[Result "1-0"]
[Round "11"]
[TimeControl "180+1"]
[Date "2021.07.20"]
[WhiteClock "0:00:10"]
[BlackClock "0:00:20"]

1. c4 e6 2. g3 d5 3. Bg2 Nf6 4. Nf3 dxc4 5. Qa4+ Bd7 6. Qxc4 Nc6 7. O-O Bd6 8. d4 O-O 9. Rd1 a6 10. a3 Qe7 11. Bg5 h6 12. Bxf6 Qxf6 13. Nc3 e5 14. dxe5 Nxe5 15. Nxe5 Qxe5 16. Bxb7 Rab8 17. Qxa6 Bg4 18. Rd2 Be6 19. Rc1 Rfd8 20. Bg2 Rb3 21. Qa4 Rdb8 22. Rcc2 Bxa3 23. bxa3 Rxc3 24. h3 Rxc2 25. Qxc2 Qa1+ 26. Kh2 Qxa3 27. Qxc7 Qb4 28. Rd8+ Rxd8 29. Qxd8+ Kh7 30. Qd3+ g6 31. h4 h5 32. Be4 Qb2 33. Qf3 Kg7 34. Bd3 Qd4 35. Qf4 Qxf4 36. gxf4 Bd5 37. Kg3 Kf6 38. e4 Bb3 39. Kf3 Bd1+ 40. Ke3 Bg4 41. Kd4 Bd7 42. Kd5 Ke7 43. e5 Be6+ 44. Kd4 Bd7 45. Bc4 Bf5 46. Bd5 Bd7 47. Be4 Be6 48. Ke3 Bd7 49. Bd3 Be6 50. f5 gxf5 51. Kf4 f6 52. Bxf5 fxe5+ 53. Kxe5 Bf7 54. Be4 Be8 55. Kf5 Kf7 56. Kg5 Kg7 57. Bf3 Bd7 58. Bxh5 1-0


[Site "https://www.chess.com"]

[Event "Titled Tuesday Blitz July 20 2021"]
[White "Zaksaite, Salomeja"]
[Black "Locci, Damiano"]
[WhiteFideId "12801496"]
[BlackFideId "819751"]
[WhiteElo "2002"]
[BlackElo "2433"]
[Result "1-0"]
[Round "11"]
[TimeControl "180+1"]
[Date "2021.07.21"]
[WhiteClock "0:00:03"]
[BlackClock "0:00:04"]

1. e4 c5 2. Nf3 Nf6 3. Nc3 d5 4. exd5 Nxd5 5. Bb5+ Bd7 6. O-O Nxc3 7. Bxd7+ Qxd7 8. dxc3 Qxd1 9. Rxd1 Nc6 10. Be3 e6 11. Ng5 b6 12. Ne4 Rd8 13. Rxd8+ Kxd8 14. Rd1+ Ke8 15. Nd6+ Bxd6 16. Rxd6 Ne5 17. b3 Ke7 18. Rd2 Rd8 19. Rxd8 Kxd8 20. f3 Kd7 21. Kf2 h5 22. a4 Kc6 23. h3 Kd5 24. g4 hxg4 25. c4+ Nxc4 26. bxc4+ Kxc4 27. fxg4 Kc3 28. h4 Kxc2 29. h5 f6 30. g5 fxg5 31. Bxg5 Kd3 32. Bf6 Ke4 33. Bxg7 Kf5 34. h6 Kg6 35. Ke3 a6 36. Kd3 b5 37. a5 e5 38. Bxe5 Kxh6 39. Bd6 c4+ 40. Kd4 Kg6 41. Kc5 Kf5 42. Kb6 c3 43. Kxa6 c2 44. Ba3 b4 45. Bc1 Ke4 46. Kb5 Kd3 47. Kxb4 Ke2 48. Kb3 1-0


[Site "https://www.chess.com"]

[Event "Titled Tuesday Blitz July 20 2021"]
[White "Zherebtsova, Alexandra"]
[Black "Tronenkovs, Valdis"]
[WhiteFideId "24129518"]
[BlackFideId "11601558"]
[WhiteElo "2025"]
[BlackElo "2232"]
[Result "1-0"]
[Round "11"]
[TimeControl "180+1"]
[Date "2021.07.21"]
[WhiteClock "0:00:10"]
[BlackClock "0:00:01"]

1. d4 Nf6 2. Nf3 e6 3. g3 d5 4. Bg2 Be7 5. c4 O-O 6. O-O Nbd7 7. Qc2 c6 8. b3 b6 9. Nc3 Ba6 10. Rd1 dxc4 11. Ne5 Nxe5 12. dxe5 Nd5 13. bxc4 Bxc4 14. Ne4 Nb4 15. Qa4 b5 16. Rxd8 bxa4 17. Rxa8 Rxa8 18. Nd6 Bxe2 19. Bd2 Rb8 20. Rb1 Na6 21. Rc1 Rb2 22. Be3 Nb4 23. a3 Nd3 24. Ra1 c5 25. Nc4 Rb3 26. h4 h6 27. Na5 Rb5 28. Nc6 Bf8 29. Nxa7 Rb2 30. Nc6 1-0


[Site "https://www.chess.com"]